 Dungeon Crawl Stone Soup version 0.28.0-53-g5a82cb258f (webtiles) character file.

Game seed: 831554184024966267

185 Peloso the Covered (level 5, 0/47 HPs)
             Began as a Minotaur Fighter on May 24, 2022.
             Succumbed to a gnoll's poison
             ... on level 3 of the Dungeon.
             The game lasted 00:03:40 (2810 turns).

Peloso the Covered (Minotaur Fighter)               Turns: 2810, Time: 00:03:41

Health: 0/47       AC:  8    Str: 20    XL:     5   Next: 37%
Magic:  4/4        EV:  9    Int:  5    God:
Gold:   53         SH:  5    Dex: 12    Spells: 4/4 levels left

rFire   . . .      SeeInvis .   a - +0 long sword
rCold   . . .      Faith    .   c - +0 buckler
rNeg    . . .      Spirit   .   b - +0 scale mail
rPois   +          Reflect  .   (helmet restricted)
rElec   .          Harm     .   e - +0 cloak
rCorr   .          Rampage  .   (no gloves)
Will    .....                   (no boots)
Stlth   ..........              (no amulet)
HPRegen 0.15/turn               j - ring of poison resistance
MPRegen 0.09/turn               (no ring)

@: lethally poisoned (0 -> -3), hasted, very quick
A: horns 2, retaliatory headbutt
a: no special abilities


You were on level 3 of the Dungeon.
You visited 1 branch of the dungeon, and saw 3 of its levels.

You collected 53 gold pieces.

Inventory:

Hand Weapons
 a - a +0 long sword (weapon)
Armour
 b - a +0 scale mail (worn)
 c - a +0 buckler (worn)
 e - a +0 cloak (worn)
Jewellery
 j - a ring of poison resistance (left hand)
Wands
 h - a wand of digging (2)
Scrolls
 f - a scroll of magic mapping {unknown}
 g - a scroll of immolation {unknown}
 i - a scroll of identify {unknown}
 k - a scroll of noise {unknown}
 l - 2 scrolls of vulnerability {unknown}
Potions
 d - a potion of might
 m - a potion of flight


   Skills:
 + Level 4.5 Fighting
 + Level 4.5 Long Blades
 + Level 5.0 Armour
 + Level 1.2 Dodging
 + Level 4.1 Shields


You had 4 spell levels left.
You didn't know any spells.
Your spell library was empty.

Dungeon Overview and Level Annotations

Branches:
Dungeon (3/15)

Altars:


Innate Abilities, Weirdness & Mutations

You have a pair of horns on your head.
You reflexively headbutt those who attack you in melee.


Message History

You hit the gnoll.
You kill the gnoll!
You feel sick. The gnoll hits you but does no damage.
You are more poisoned.
The gnoll closely misses you.
Unknown command.
You feel very sick.
The gnoll hits you with a +1 spear of venom.
You hit the gnoll. Your headbutt misses the gnoll.
The gnoll is lightly wounded.
You feel very sick. The gnoll closely misses you.
You hit the gnoll.
The gnoll is severely wounded.
You feel sick. The gnoll barely misses you.
You closely miss the gnoll. Your headbutt misses the gnoll.
The gnoll is severely wounded.
You feel sick.
The gnoll hits you with a +1 spear of venom.
* * * LOW HITPOINT WARNING * * *
You are lethally poisoned!
You slash the gnoll!
You kill the gnoll!
* * * LOW HITPOINT WARNING * * *
You feel very sick.
* * * LOW HITPOINT WARNING * * *
You feel very sick.
You see here a +1 spear of venom.
* * * LOW HITPOINT WARNING * * *
You feel sick.
It was a potion of haste.
You feel yourself speed up.
* * * LOW HITPOINT WARNING * * *
You feel sick.
* * * LOW HITPOINT WARNING * * *
You feel sick.
* * * LOW HITPOINT WARNING * * *
You feel sick.
* * * LOW HITPOINT WARNING * * *
You feel sick.
You die...

.. #.## ...# #..#
###### #..# ##.... #..#
#..>. #..# #..#
..####.@####.)#
..............# #
...........)..#######.#
#..#...$.)....<.......#
..
#.....รท......##....# #
##...........<.....#
#.....#.....###.#..#
.......##....... #
..#.###.##.(#.###


There were no monsters in sight!

Vanquished Creatures
  2 orc priests (D:1)
  7 gnolls
  An adder (D:2)
  2 dart slugs
  2 orcs (D:2)
  3 bats
  4 endoplasms (D:1)
  5 goblins
  6 hobgoblins
  3 kobolds
  2 quokkas
  6 ball pythons
  A frilled lizard (D:1)
  3 rats
47 creatures vanquished.

Notes
Turn   | Place    | Note
-------+----------+-------------------------------------------
     0 | D:1      | Peloso the Minotaur Fighter began the quest for the Orb.
     0 | D:1      | Reached XP level 1. HP: 19/19 MP: 0/0
   368 | D:1      | Reached XP level 2. HP: 21/27 MP: 1/1
   465 | D:1      | Reached skill level 4 in Armour
  1170 | D:2      | Reached XP level 3. HP: 33/33 MP: 2/2
  1550 | D:1      | Reached skill level 1 in Dodging
  1810 | D:2      | Reached XP level 4. HP: 38/40 MP: 3/3
  1907 | D:1      | HP: 1/40 [ball python (2)]
  1915 | D:1      | HP: 1/41 [orc priest/+0 club (4)]
  2229 | D:2      | Reached XP level 5. HP: 40/47 MP: 4/4
  2306 | D:2      | Found a faded altar of an unknown god.
  2521 | D:2      | Reached skill level 5 in Armour
  2807 | D:3      | HP: 2/47 [poisoned by a gnoll]
  2810 | D:3      | Succumbed to a gnoll's poison

Illustrated notes

Levels and vault maps discovered:
D:1:      dpeg_arrival_three_bigger_balls, layout_basic, serial_corexii_hall,
          chequers_hall_statues_corner_a, corexii_hall_statues_deadend
D:2:      layout_rooms, hellmonk_ecumenical_altar_zigzags,
          amcnicky_mini_pool_small
D:3:      layout_loops_ring, mainiacjoe_overflow_cross_hatched,
          portal_sewer_entry_e

Skill      XL: |  1  2  3  4  5 |
---------------+----------------+-----
Armour         | 4 5 |  5.0
Long Blades    | 3 4 |  4.5
Fighting       | 4 |  4.5
Dodging        | 1 |  1.2
Shields        | 4 |  4.1

Action                   |  1- 3 |  4- 6 || total
-------------------------+-------+-------++-------
Melee: Long sword        |    53 |    44 ||    97
       Headbutt          |     7 |     6 ||    13
  Use: Potion            |     2 |     2 ||     4
Armor: Scale mail        |    21 |    41 ||    62
Dodge: Dodged            |    24 |    26 ||    50
Block: Buckler           |    17 |    13 ||    30
